 Dungeon Crawl Stone Soup version 0.25-a0-447-gff83419037 (webtiles) character file.

Game seed: 4927045298087784149, levelgen mode: deterministic

322 Erk the Skirmisher (level 6, 0/58 HPs)
             Began as a Centaur Gladiator on Jan 31, 2020.
             Slain by Eustachio
             ... wielding a +0 rapier
              (6 damage)
             ... on level 3 of the Dungeon.
             The game lasted 00:09:20 (2985 turns).

Erk the Skirmisher (Centaur Gladiator)              Turns: 2985, Time: 00:09:20

Health: 0/58       AC:  5    Str: 19      XL:     6   Next: 22%
Magic:  6/6        EV: 10    Int:  7      God:
Gold:   171        SH:  0    Dex:  9 (10) Spells: 5/5 levels left

rFire    . . .     SeeInvis .   a - +0 flail
rCold    . . .     Gourm    .   (no shield)
rNeg     . . .     Faith    .   b - +0 leather armour
rPois    .         Spirit   .   c - +0 helmet
rElec    .         Reflect  .   (no cloak)
rCorr    .         Harm     .   (no gloves)
MR       .....                  (no barding)
Stlth    ..........             (no amulet)
HPRegen  0.19/turn              (no ring)
MPRegen  0.10/turn              (no ring)

@: very quick
A: large, hooves 3, deformed body, speed 2, tough skin 3
a: no special abilities


You were on level 3 of the Dungeon.
You were very hungry.

You visited 1 branch of the dungeon, and saw 4 of its levels.

You collected 171 gold pieces.

Inventory:

Hand Weapons
 a - a +0 flail (weapon)
Missiles
 d - 2 throwing nets
 p - 11 poisoned darts (quivered)
Armour
 b - a +0 leather armour (worn)
 c - a +0 helmet (worn)
Magical Staves
 q - an uncursed staff of summoning {unknown}
Scrolls
 e - a scroll of fear {unknown}
 h - 2 scrolls of immolation {unknown}
 i - a scroll of random uselessness {unknown}
 k - 2 scrolls of identify {unknown}
 m - 2 scrolls of fog {unknown}
 n - 2 scrolls of remove curse {unknown}
Potions
 g - a potion of agility {unknown}
 j - 4 potions of heal wounds {unknown}
 l - a potion of brilliance {unknown}
 o - 2 potions of haste {unknown}
Comestibles
 f - 8 rations


   Skills:
 + Level 6.7 Fighting
 - Level 2.6 Maces & Flails
 - Level 2.1 Throwing
 - Level 2.1 Dodging


You had 5 spell levels left.
You didn't know any spells.
Your spell library was empty.

Dungeon Overview and Level Annotations

Branches:
Dungeon (4/15)
 Temple: D:4-7

Altars:
Fedhas
Qazlal
Trog
Xom

Shops:
D:4 ?

Annotations:
D:3 exclusion: oklob plant, Eustachio


Innate Abilities, Weirdness & Mutations

You have hooves in place of feet.
Armour fits poorly on your strangely shaped body.
You cover ground very quickly.
You have extremely tough skin. (AC +3)


Message History

* * * LOW HITPOINT WARNING * * *
Throwing (i - inventory. (/) - cycle)
p - 12 poisoned darts (quivered)
Press: ? - help, Shift-Dir - straight line, f/p - Eustachio
Aim: Eustachio, wielding a +0 rapier and wearing a +3 leather armour of fire resistance (severely wounded)
You throw a poisoned dart. The poisoned dart hits the bat.
The bat looks even sicker.
The bat is moderately wounded.
You kill the rat!
The rat's corpse disappears in a puff of smoke!
You kill the bat!
The bat's corpse disappears in a puff of smoke!
Eustachio casts a spell.
Eustachio blinks!
You see here 2 poisoned darts.
You barely miss Eustachio. Your kick misses Eustachio.
Eustachio is severely wounded.
The iron imp hits you.
* * * LOW HITPOINT WARNING * * *
Eustachio hits you with a +0 rapier.
You die...

###...#####........^...#
.##...# #.#######.####
.##...# #r# #.#
......### #.# #.#
..##....# #.# #.#
..###.#.# #.# #.#
..###.#.###.# #.#
.........>..#######.#
#######.......ยง@@5br# #
###############


You could see Eustachio, an iron imp, a bat and a rat.

Vanquished Creatures
  2 ogres
  A worker ant (D:4)
  3 gnolls (D:3)
  3 adders
  5 worms
  3 dart slugs
  2 leopard geckos (D:2)
  10 goblins
  9 hobgoblins
  3 jackals (D:1)
  A quokka (D:3)
  2 ball pythons
  4 bats
  2 frilled lizards
  2 kobolds (D:3)
  9 rats
61 creatures vanquished.

Vanquished Creatures (others)
  A goblin (D:3)
1 creature vanquished.

Grand Total: 62 creatures vanquished

Notes
Turn   | Place    | Note
-------+----------+-------------------------------------------
     0 | D:1      | Erk the Centaur Gladiator began the quest for the Orb.
     0 | D:1      | Reached XP level 1. HP: 17/17 MP: 1/1
   117 | D:1      | Reached XP level 2. HP: 23/25 MP: 2/2
   230 | D:1      | Reached skill level 3 in Fighting
   605 | D:2      | Reached XP level 3. HP: 31/31 MP: 3/3
   802 | D:2      | Reached skill level 4 in Fighting
  1165 | D:3      | Found a shimmering altar of Xom.
  1180 | D:3      | Found a stormy altar of Qazlal.
  1225 | D:3      | Noticed an ogre
  1521 | D:3      | Killed an ogre
  1521 | D:3      | Reached skill level 5 in Fighting
  1521 | D:3      | Reached XP level 4. HP: 23/42 MP: 4/4
  1521 | D:3      | Reached XP level 5. HP: 26/48 MP: 5/5
  1590 | D:3      | Found a blossoming altar of Fedhas.
  1612 | D:3      | Noticed an oklob plant
  2244 | D:4      | Found Inawathriomo's Magic Scroll Boutique.
  2253 | D:4      | Noticed an ogre
  2266 | D:4      | Killed an ogre
  2266 | D:4      | Reached skill level 6 in Fighting
  2266 | D:4      | Reached XP level 6. HP: 29/58 MP: 6/6
  2274 | D:4      | Noticed a moth of wrath
  2277 | D:4      | Found a bloodstained altar of Trog.
  2624 | D:4      | Noticed Eustachio
  2985 | D:3      | Slain by Eustachio

Levels and vault maps discovered:
D:1:      lightli_arrival_statuegarden, layout_loops_cross
D:2:      layout_basic
D:3:      layout_loops_ring, tgw_fedhas, xom_teletrap_fun, first_ration,
          grunt_qazlal_clouds
D:4:      layout_rooms, tgw_trog, kennysheep_mini, serial_shops, shop, shop,
          nicolae_shop_behind_doors, kennysheep_generic_room_3, uniq_ijyb,
          uniq_eustachio

Skill      XL: |  1  2  3  4  5 |
---------------+----------------+-----
Fighting       | 3 5 6 |  6.7
Maces & Flails | |  2.6
Throwing       | |  2.1
Dodging        | |  2.1

Action                   |  1- 3 |  4- 6 || total
-------------------------+-------+-------++-------
Melee: Flail             |   120 |   103 ||   223
       Kick              |    20 |    24 ||    44
Throw: Dart              |       |     3 ||     3
       Throwing net      |       |     1 ||     1
  Eat: Chunk             |       |     4 ||     4
Armor: Leather armour    |    67 |    60 ||   127
Dodge: Dodged            |    69 |    93 ||   162

Table legend:
 A = Non-vault XP
 B = Vault XP
 C = Vault XP percentage of total XP
 D = Non-vault monster count
 E = Vault monster count
 F = Vault count percentage of total count
                 A         B        C        D         E       F
            +---------+---------+-------+---------+---------+-------
      Total |     444 |      17 |   3.7 |      56 |       5 |   8.2
            +---------+---------+-------+---------+---------+-------
        D:1 |      39 |       0 |   0.0 |      22 |       0 |   0.0
        D:2 |      46 |       0 |   0.0 |      12 |       0 |   0.0
        D:3 |     211 |       0 |   0.0 |      20 |       0 |   0.0
        D:4 |     148 |      17 |  10.3 |       2 |       5 |  71.4
            +---------+---------+-------+---------+---------+-------
